SAAA
PORT ROYAL DISASTER @ SCRANTON SUPERNOVAS
06/18/2029
 
TOP OF THE 1ST
Port Royal Disaster batting - Pitching for Scranton Supernovas : LHP Luis Ortíz
Pitching: LHP Luis Ortíz
Batting: LHB Ricky Payton 0-0: Called Strike
0-1: Ball
1-1: Ball
2-1: Ball
3-1: SINGLE (Groundball, 3S) (infield hit)
Batting: RHB Wrangler Haresnape 0-0: Called Strike
Throwing error on steal attempt, E2
Ricky Payton to third
0-1: Foul Ball, location: 2F
0-2: Ball
1-2: Foul Ball, location: 2F
1-2: Strikes out swinging
Batting: RHB Mark Melton 0-0: Ball
1-0: Foul Ball, location: 2F
1-1: Swinging Strike
1-2: Foul Ball, location: 2F
1-2: Foul Ball, location: 2F
1-2: Foul Ball, location: 2F
1-2: Fly out, F3 (Popup, 3SF)
Batting: RHB Marvin Hunter 0-0: Ground out 5-3 (Groundball, 56S)
Top of the 1st over - 0 runs, 1 hit, 1 error, 1 left on base; Port Royal 0 - Scranton 0
BOTTOM OF THE 1ST
Scranton Supernovas batting - Pitching for Port Royal Disaster : RHP Dennis Brown
Pitching: RHP Dennis Brown
Batting: RHB Keith MacKey 0-0: Called Strike
0-1: Ball
1-1: Foul Ball, location: 2F
1-2: SINGLE (Groundball, 56D)
Batting: RHB Kevin Malone 0-0: Ball
1-0: Foul Ball, location: 2F
1-1: DOUBLE (Line Drive, 89D)
Keith MacKey to third
Batting: RHB Phil Moore 0-0: DOUBLE (Line Drive, 7LS)
Keith MacKey scores
Kevin Malone scores
Batting: RHB Felipe Bruno 0-0: Ball
1-0: Ball
2-0: Called Strike
2-1: Ground out U3 (Groundball, 3)
Phil Moore to third
Batting: RHB Martín Álvarez 0-0: Ball
1-0: SINGLE (Line Drive, 7S)
Phil Moore scores
Batting: RHB Eddie Sachs 0-0: Ball
1-0: Called Strike
1-1: Ball
2-1: Fly out, F7 (Line Drive, 78D)
Batting: RHB Michael Walker 0-0: Swinging Strike
0-1: Ball
1-1: Called Strike
1-2: Ball
2-2: Foul Ball, location: 2F
2-2: Strikes out looking
Bottom of the 1st over - 3 runs, 4 hits, 0 errors, 1 left on base; Port Royal 0 - Scranton 3
TOP OF THE 2ND
Port Royal Disaster batting - Pitching for Scranton Supernovas : LHP Luis Ortíz
Batting: RHB David McJannett 0-0: Ball
1-0: Ball
2-0: Called Strike
2-1: Called Strike
2-2: SINGLE (Groundball, 6MD)
Batting: RHB Brandon Cooper 0-0: Foul Ball, location: 2F
0-1: DOUBLE (Line Drive, 78D)
David McJannett to third
Batting: RHB Loren Stallings 0-0: Called Strike
0-1: Foul Ball, location: 2F
0-2: Foul Ball, location: 2F
0-2: Fly out, F9 (Flyball, 9S)
Batting: LHB António Quintero 0-0: Ball
1-0: Ground out 4-3 (Groundball, 34D)
David McJannett scores
Brandon Cooper to third
Batting: RHB Winston Sparks 0-0: Ball
1-0: Ball
2-0: Ball
3-0: Called Strike
3-1: Called Strike
3-2: Base on Balls
Batting: LHB Ricky Payton 0-0: Ball
1-0: Ball
2-0: Fielders Choice at 2nd, 6-4 (Groundball, 6)
Top of the 2nd over - 1 run, 2 hits, 0 errors, 2 left on base; Port Royal 1 - Scranton 3
BOTTOM OF THE 2ND
Scranton Supernovas batting - Pitching for Port Royal Disaster : RHP Dennis Brown
Batting: RHB Kent Summey 0-0: Ball
1-0: Ball
2-0: Foul Ball, location: 2F
2-1: Ball
3-1: Base on Balls
Batting: LHB José Pacheco 0-0: Called Strike
0-1: Ground out 3-1 (Groundball, 34)
Kent Summey to second
Batting: RHB Keith MacKey 0-0: Ground out 6-3 (Groundball, 6)
Batting: RHB Kevin Malone 0-0: Ball
1-0: Ball
2-0: Foul Ball, location: 2F
2-1: Foul Ball, location: 2F
2-2: Ball
3-2: DOUBLE (Line Drive, 78XD)
Kent Summey scores
Batting: RHB Phil Moore 0-0: Called Strike
0-1: Ball
1-1: Swinging Strike
1-2: Ball
2-2: Ball
3-2: Ground out 5-3 (Groundball, 5S)
Bottom of the 2nd over - 1 run, 1 hit, 0 errors, 1 left on base; Port Royal 1 - Scranton 4
TOP OF THE 3RD
Port Royal Disaster batting - Pitching for Scranton Supernovas : LHP Luis Ortíz
Batting: RHB Wrangler Haresnape 0-0: SINGLE (Line Drive, 89M)
Batting: RHB Mark Melton 0-0: SINGLE (Flyball, 7LS)
Wrangler Haresnape to second
Batting: RHB Marvin Hunter 0-0: Called Strike
0-1: Ball
1-1: Ball
2-1: Fly out, F7 (Flyball, 7D)
Batting: RHB David McJannett 0-0: Ball
1-0: Called Strike
1-1: Foul Ball, location: 2F
1-2: Foul Ball, location: 2F
1-2: Ball
2-2: SINGLE (Line Drive, 6MD)
Wrangler Haresnape to third
Mark Melton to second
Runner from 3rd tries for Home, SAFE, no throw
Batting: RHB Brandon Cooper 0-0: Called Strike
0-1: Foul Ball, location: 2F
0-2: Foul Ball, location: 2F
0-2: Foul Ball, location: 2F
0-2: Strikes out swinging
Batting: RHB Loren Stallings 0-0: Fly out, F9 (Flyball, 9LSF)
Top of the 3rd over - 1 run, 3 hits, 0 errors, 2 left on base; Port Royal 2 - Scranton 4
BOTTOM OF THE 3RD
Scranton Supernovas batting - Pitching for Port Royal Disaster : RHP Dennis Brown
Batting: RHB Felipe Bruno 0-0: Called Strike
0-1: Ball
1-1: Ball
2-1: Ball
3-1: Base on Balls
Batting: RHB Martín Álvarez 0-0: Called Strike
0-1: Ball
1-1: Foul Ball, location: 2F
1-2: Fly out, F8 (Line Drive, 8LM)
Batting: RHB Eddie Sachs 0-0: Fly out, F7 (Flyball, 7)
Batting: RHB Michael Walker 0-0: Ball
1-0: Ground out 6-3 (Groundball, 6)
Bottom of the 3rd over - 0 runs, 0 hits, 0 errors, 1 left on base; Port Royal 2 - Scranton 4
TOP OF THE 4TH
Port Royal Disaster batting - Pitching for Scranton Supernovas : LHP Luis Ortíz
Batting: LHB António Quintero 0-0: Swinging Strike
0-1: Called Strike
0-2: Strikes out swinging
Batting: RHB Winston Sparks 0-0: Ball
1-0: Ball
2-0: Ball
3-0: Swinging Strike
3-1: Base on Balls
Batting: LHB Ricky Payton 0-0: Ball
1-0: Swinging Strike
1-1: Ball
2-1: DOUBLE (Line Drive, 7LM)
Winston Sparks to third
Runner from 3rd tries for Home, SAFE, no throw
Batting: RHB Wrangler Haresnape 0-0: Fly out, F6 (Popup, P)
Batting: RHB Mark Melton 0-0: Ball
1-0: Ball
2-0: Ball
3-0: Base on Balls
Batting: RHB Marvin Hunter 0-0: Fielders Choice at 2nd, 5-4 (Groundball, 5)
Top of the 4th over - 1 run, 1 hit, 0 errors, 2 left on base; Port Royal 3 - Scranton 4
BOTTOM OF THE 4TH
Scranton Supernovas batting - Pitching for Port Royal Disaster : RHP Dennis Brown
Batting: RHB Kent Summey 0-0: Ball
1-0: Ball
2-0: Foul Ball, location: 2F
2-1: Ball
3-1: Fly out, F9 (Flyball, 9D)
Batting: LHB José Pacheco 0-0: Ball
1-0: Called Strike
1-1: Called Strike
1-2: Foul Ball, location: 2F
1-2: Ball
2-2: Foul Ball, location: 2F
2-2: Fly out, F7 (Flyball, 78M)
Batting: RHB Keith MacKey 0-0: Ball
1-0: Called Strike
1-1: Swinging Strike
1-2: Ball
2-2: SINGLE (Flyball, 34D)
Batting: RHB Kevin Malone 0-0: Ball
1-0: Ball
2-0: Called Strike
2-1: Called Strike
2-2: Ground out 5-3 (Groundball, 56)
Bottom of the 4th over - 0 runs, 1 hit, 0 errors, 1 left on base; Port Royal 3 - Scranton 4
TOP OF THE 5TH
Port Royal Disaster batting - Pitching for Scranton Supernovas : LHP Luis Ortíz
Batting: RHB David McJannett 0-0: Called Strike
0-1: Foul Ball, location: 2F
0-2: Ground out 4-3 (Groundball, 4)
Batting: RHB Brandon Cooper 0-0: Called Strike
0-1: Foul Ball, location: 2F
0-2: Foul Ball, location: 2F
0-2: Ball
1-2: Ball
2-2: Foul Ball, location: 2F
2-2: Ball
3-2: DOUBLE (Flyball, 89XD)
Batting: RHB Loren Stallings 0-0: Ball
1-0: Fly out, F7 (Flyball, 7S)
Batting: LHB António Quintero 0-0: Foul Ball, location: 2F
0-1: Ground out 3-1 (Groundball, 34)
Top of the 5th over - 0 runs, 1 hit, 0 errors, 1 left on base; Port Royal 3 - Scranton 4
BOTTOM OF THE 5TH
Scranton Supernovas batting - Pitching for Port Royal Disaster : RHP Dennis Brown
Batting: RHB Phil Moore 0-0: Ball
1-0: Called Strike
1-1: Called Strike
1-2: Ball
2-2: Ball
3-2: Fly out, F4 (Line Drive, 4M)
Pitching: RHP Joe Griffin
Batting: RHB Felipe Bruno 0-0: Called Strike
0-1: Foul Ball, location: 2F
0-2: Ball
1-2: Ball
2-2: Strikes out swinging
Batting: RHB Martín Álvarez 0-0: Foul Ball, location: 2F
0-1: Foul Ball, location: 2F
0-2: SINGLE (Line Drive, 6MD)
Batting: RHB Eddie Sachs 0-0: Swinging Strike
0-1: Fielders Choice at 2nd, 5-4 (Groundball, 56)
Bottom of the 5th over - 0 runs, 1 hit, 0 errors, 1 left on base; Port Royal 3 - Scranton 4
TOP OF THE 6TH
Port Royal Disaster batting - Pitching for Scranton Supernovas : LHP Luis Ortíz
Batting: RHB Winston Sparks 0-0: Ball
1-0: Ground out 5-3 (Groundball, 5S)
Batting: LHB Ricky Payton 0-0: Ball
1-0: Ball
2-0: Called Strike
2-1: Foul Ball, location: 2F
2-2: Foul Ball, location: 2F
2-2: Strikes out swinging
Batting: RHB Wrangler Haresnape 0-0: Called Strike
0-1: Bunt for hit - play at first, batter OUT! 2-3
Top of the 6th over - 0 runs, 0 hits, 0 errors, 0 left on base; Port Royal 3 - Scranton 4
BOTTOM OF THE 6TH
Scranton Supernovas batting - Pitching for Port Royal Disaster : RHP Joe Griffin
Batting: RHB Michael Walker 0-0: Swinging Strike
0-1: SINGLE (Groundball, 56D)
Batting: RHB Kent Summey 0-0: Called Strike
0-1: Swinging Strike
0-2: Strikes out swinging
Batting: LHB José Pacheco 0-0: SINGLE (Groundball, 34D)
Michael Walker to second
Runner from 2nd tries for 3rd, SAFE, throw made to third
Batting: RHB Keith MacKey 0-0: Ball
1-0: Ball
2-0: Called Strike
2-1: Ball
3-1: Base on Balls
José Pacheco to second
Batting: RHB Kevin Malone 0-0: Ball
1-0: Ball
2-0: Fly out, F7 (Flyball, 78S)
Runner from 3rd tags up, SCORES, throw made
Batting: RHB Phil Moore 0-0: Ball
1-0: Called Strike
1-1: Called Strike
1-2: Foul Ball, location: 2F
1-2: Fly out, F7 (Flyball, 7D)
Bottom of the 6th over - 1 run, 2 hits, 0 errors, 2 left on base; Port Royal 3 - Scranton 5
TOP OF THE 7TH
Port Royal Disaster batting - Pitching for Scranton Supernovas : LHP Luis Ortíz
Batting: RHB Mark Melton 0-0: Foul Ball, location: 2F
0-1: Swinging Strike
0-2: Ground out 5-3 (Groundball, 56S)
Batting: RHB Marvin Hunter 0-0: Ball
1-0: Swinging Strike
1-1: Ball
2-1: Swinging Strike
2-2: Foul Ball, location: 2F
2-2: Ground out 5-3 (Groundball, 56)
Batting: RHB David McJannett 0-0: Called Strike
0-1: SINGLE (Groundball, 6D)
Pitching: RHP Apollo Cepeda
Batting: RHB Brandon Cooper 0-0: Called Strike
0-1: Foul Ball, location: 2F
0-2: Ball
1-2: Ball
David McJannett is caught stealing 2nd base
Top of the 7th over - 0 runs, 1 hit, 0 errors, 0 left on base; Port Royal 3 - Scranton 5
BOTTOM OF THE 7TH
Scranton Supernovas batting - Pitching for Port Royal Disaster : RHP Joe Griffin
Batting: RHB Felipe Bruno 0-0: Ball
1-0: Swinging Strike
1-1: Foul Ball, location: 2F
1-2: Ball
2-2: Ball
3-2: Ground out 6-3 (Groundball, 6)
Batting: RHB Martín Álvarez 0-0: Foul Ball, location: 2F
0-1: Swinging Strike
0-2: Ball
1-2: Strikes out swinging
Batting: RHB Eddie Sachs 0-0: SINGLE (Groundball, 56) (infield hit)
Batting: RHB Michael Walker 0-0: Swinging Strike
0-1: Ball
1-1: Swinging Strike
1-2: Foul Ball, location: 2F
1-2: Ball
2-2: Ball
3-2: Strikes out looking
Bottom of the 7th over - 0 runs, 1 hit, 0 errors, 1 left on base; Port Royal 3 - Scranton 5
TOP OF THE 8TH
Port Royal Disaster batting - Pitching for Scranton Supernovas : RHP Apollo Cepeda
Batting: RHB Brandon Cooper 0-0: Ball
1-0: Ball
2-0: SINGLE (Flyball, 9LS)
Batting: RHB Loren Stallings 0-0: Ball
1-0: Called Strike
1-1: Ball
2-1: Ball
3-1: Called Strike
3-2: Base on Balls
Brandon Cooper to second
Pinch Hitting: LHB Rubén López 0-0: Ball
1-0: Sac Bunt - play at first, batter OUT! 5-3
Brandon Cooper to third
Loren Stallings to second
Batting: RHB Winston Sparks 0-0: Ball
1-0: SINGLE (Line Drive, 8LS)
Brandon Cooper scores
Loren Stallings to third
Batting: LHB Ricky Payton 0-0: Called Strike
0-1: Fielders Choice at 2nd, 4-6 (Groundball, 4)
Loren Stallings scores
Batting: RHB Wrangler Haresnape 0-0: Foul Ball, location: 2F
0-1: Called Strike
0-2: Ball
1-2: Ball
2-2: Foul Ball, location: 2F
2-2: Strikes out swinging
Top of the 8th over - 2 runs, 2 hits, 0 errors, 1 left on base; Port Royal 5 - Scranton 5
BOTTOM OF THE 8TH
Scranton Supernovas batting - Pitching for Port Royal Disaster : RHP Joe Griffin
Now at SS: Nelson Abbey
Batting: RHB Kent Summey 0-0: Fly out, F8 (Flyball, 8RS)
Batting: LHB José Pacheco 0-0: Ball
1-0: Ball
2-0: Swinging Strike
2-1: Ball
3-1: Base on Balls
Pitching: RHP Miguel Hernández
Pinch Hitting: SHB Alonso Solís 0-0: Called Strike
0-1: Ball
1-1: Ball
2-1: Fly out, F7 (Flyball, 7LD)
Batting: RHB Kevin Malone 0-0: Ball
1-0: Called Strike
1-1: Foul Ball, location: 2F
1-2: Ball
2-2: Ball
3-2: SINGLE (Groundball, 6MD)
José Pacheco to second
José Pacheco to third
Batting: RHB Phil Moore 0-0: Foul Ball, location: 2F
0-1: Ball
1-1: Fielders Choice at 2nd, 5-4 (Groundball, 5)
Bottom of the 8th over - 0 runs, 1 hit, 0 errors, 2 left on base; Port Royal 5 - Scranton 5
TOP OF THE 9TH
Port Royal Disaster batting - Pitching for Scranton Supernovas : RHP Apollo Cepeda
Now in CF: Senior Pond
Batting: RHB Mark Melton 0-0: Foul Ball, location: 2F
0-1: Foul Ball, location: 2F
0-2: Ball
1-2: Ball
2-2: Ball
3-2: Fly out, F9 (Flyball, 9LSF)
Batting: RHB Marvin Hunter 0-0: Called Strike
0-1: Foul Ball, location: 2F
0-2: Ball
1-2: Ball
2-2: Fly out, F8 (Flyball, 8RM)
Batting: RHB David McJannett 0-0: Called Strike
0-1: Ball
1-1: Ball
2-1: Ball
3-1: Swinging Strike
3-2: Fly out, F9 (Flyball, 9S)
Top of the 9th over - 0 runs, 0 hits, 0 errors, 0 left on base; Port Royal 5 - Scranton 5
BOTTOM OF THE 9TH
Scranton Supernovas batting - Pitching for Port Royal Disaster : RHP Miguel Hernández
Pitching: RHP Will Moore
Batting: RHB Felipe Bruno 0-0: Called Strike
0-1: Called Strike
0-2: Fly out, F8 (Flyball, 78M)
Batting: RHB Martín Álvarez 0-0: Called Strike
0-1: Ball
1-1: Foul Ball, location: 2F
1-2: Ball
2-2: Foul Ball, location: 2F
2-2: Strikes out swinging
Batting: RHB Eddie Sachs 0-0: Ball
1-0: Ball
2-0: Ball
3-0: Base on Balls
Pinch Hitting: RHB Pedro Rivera 0-0: Called Strike
0-1: Foul Ball, location: 2F
0-2: Strikes out swinging
Bottom of the 9th over - 0 runs, 0 hits, 0 errors, 1 left on base; Port Royal 5 - Scranton 5
TOP OF THE 10TH
Port Royal Disaster batting - Pitching for Scranton Supernovas : RHP Apollo Cepeda
Now at SS: José Cordero
Batting: RHB Brandon Cooper 0-0: Called Strike
0-1: Foul Ball, location: 2F
0-2: Foul Ball, location: 2F
0-2: Ball
1-2: Foul Ball, location: 2F
1-2: Ball
2-2: Ball
3-2: Ground out 6-3 (Groundball, 6)
Batting: RHB Loren Stallings 0-0: Ball
1-0: Ball
2-0: Fly out, F6 (Flyball, 56D)
Batting: RHB Nelson Abbey 0-0: Foul Ball, location: 2F
0-1: Swinging Strike
0-2: Ball
1-2: Ball
2-2: Foul Ball, location: 2F
2-2: Strikes out looking
Top of the 10th over - 0 runs, 0 hits, 0 errors, 0 left on base; Port Royal 5 - Scranton 5
BOTTOM OF THE 10TH
Scranton Supernovas batting - Pitching for Port Royal Disaster : RHP Will Moore
Batting: RHB Kent Summey 0-0: Foul Ball, location: 2F
0-1: Ball
1-1: Ball
2-1: Fly out, F8 (Flyball, 89D)
Batting: LHB José Pacheco 0-0: Called Strike
0-1: Foul Ball, location: 2F
0-2: SINGLE (Groundball, 34) (infield hit)
Batting: RHB Senior Pond 0-0: Ball
1-0: DOUBLE (Flyball, 8RXD)
José Pacheco to third
Batting: RHB Kevin Malone 0-0: Intentional Walk
Batting: RHB Phil Moore 0-0: Called Strike
0-1: Foul Ball, location: 2F
0-2: Foul Ball, location: 2F
0-2: Strikes out swinging
Batting: RHB Felipe Bruno 0-0: Ball
1-0: Ball
2-0: Ball
3-0: Called Strike
3-1: Base on Balls
José Pacheco scores
Senior Pond to third
Kevin Malone to second
Tuesday, December 19th, 2017 - OOTP Baseball 18.8 Build 76